PAA
SPRINGFIELD SHOOTERS @ PHOENIX HOTSPUR YOUTH
09/17/2033
 
TOP OF THE 1ST
Springfield Shooters batting - Pitching for Phoenix Hotspur Youth : RHP Juan Morán
Pitching: RHP Juan Morán
Batting: RHB Tony Martínez 0-0: Ground out 6-3 (Groundball, 6)
Batting: LHB Henk van Aardschot 0-0: SINGLE (Line Drive, 89S)
Batting: RHB Blaze Alexander 0-0: SINGLE (Line Drive, 56D)
Henk van Aardschot to second
Batting: RHB Moriz Ayushiev 0-0: Foul Ball, location: 2F
0-1: Ball
Henk van Aardschot steals 3rd base
1-1: SINGLE (Line Drive, 8LS)
Henk van Aardschot scores
Blaze Alexander to second
Runner from 2nd tries for 3rd, SAFE, throw made to third
Batting: RHB Bastiaan Pieterse 0-0: Grounds into double play, 5-4-3 (Groundball, 56)
Top of the 1st over - 1 run, 3 hits, 0 errors, 1 left on base; Springfield 1 - Phoenix Hotspur 0
BOTTOM OF THE 1ST
Phoenix Hotspur Youth batting - Pitching for Springfield Shooters : RHP Jami Haakana
Pitching: RHP Jami Haakana
Batting: LHB Damian Alldred 0-0: Called Strike
0-1: Ball
1-1: Foul Ball, location: 2F
1-2: SINGLE (Line Drive, 34)
Batting: LHB Tyler Kinjeketile 0-0: Foul Ball, location: 2F
0-1: Swinging Strike
0-2: Fly out, F8 (Flyball, 8RS)
Batting: LHB Phil Mazzeo 0-0: Foul Ball, location: 2F
0-1: Foul Ball, location: 2F
0-2: Foul Ball, location: 2F
0-2: Ball
1-2: Ball
2-2: Foul Ball, location: 2F
2-2: Ball
3-2: Base on Balls
Damian Alldred to second
Batting: LHB Carlos Rodríguez 0-0: Called Strike
0-1: Ball
1-1: Ball
2-1: Called Strike
2-2: Ball
3-2: Foul Ball, location: 2F
3-2: Strikes out swinging
Batting: RHB Bill Poole 0-0: Ball
1-0: Fly out, F8 (Flyball, 78M)
Bottom of the 1st over - 0 runs, 1 hit, 0 errors, 2 left on base; Springfield 1 - Phoenix Hotspur 0
TOP OF THE 2ND
Springfield Shooters batting - Pitching for Phoenix Hotspur Youth : RHP Juan Morán
Batting: RHB Lev Migranov 0-0: Ball
1-0: Ball
2-0: Foul Ball, location: 2F
2-1: Fly out, F9 (Flyball, 9LM)
Batting: RHB Fletcher Megarity 0-0: Fly out, F7 (Flyball, 7S)
Batting: RHB Eun-bum Kim 0-0: Ball
1-0: Called Strike
1-1: Foul Ball, location: 2F
1-2: Ball
2-2: Foul Ball, location: 2F
2-2: Ball
3-2: Base on Balls
Batting: LHB Ángelo Corona 0-0: Foul Ball, location: 2F
0-1: Ball
1-1: Ball
2-1: Ball
3-1: Called Strike
3-2: Base on Balls
Eun-bum Kim to second
Batting: RHB Tony Martínez 0-0: Called Strike
0-1: Ball
1-1: Foul Ball, location: 2F
1-2: Foul Ball, location: 2F
1-2: Foul Ball, location: 2F
1-2: SINGLE (Groundball, 25) (infield hit)
Eun-bum Kim to third
Ángelo Corona to second
Batting: LHB Henk van Aardschot 0-0: Ball
1-0: Ball
2-0: Ball
3-0: Called Strike
3-1: Base on Balls
Eun-bum Kim scores
Ángelo Corona to third
Tony Martínez to second
Batting: RHB Blaze Alexander 0-0: SINGLE (Groundball, 4MD)
Ángelo Corona scores
Tony Martínez to third
Henk van Aardschot to second
Runner from 3rd tries for Home, SAFE, no throw
Batting: RHB Moriz Ayushiev 0-0: Foul Ball, location: 2F
0-1: Called Strike
0-2: 3-RUN HOME RUN (Line Drive, 78XD) (Inside the Park)
Batting: RHB Bastiaan Pieterse 0-0: Ball
1-0: Ball
2-0: Ball
3-0: Called Strike
3-1: Base on Balls
Batting: RHB Lev Migranov 0-0: Called Strike
0-1: Called Strike
0-2: Ball
1-2: Ball
2-2: Ground out 4-3 (Groundball, 34)
Top of the 2nd over - 6 runs, 3 hits, 0 errors, 1 left on base; Springfield 7 - Phoenix Hotspur 0
BOTTOM OF THE 2ND
Phoenix Hotspur Youth batting - Pitching for Springfield Shooters : RHP Jami Haakana
Batting: LHB Valerius Buser 0-0: Called Strike
0-1: Ball
1-1: Fly out, F8 (Flyball, 8LM)
Batting: RHB Terry MacDonald 0-0: Ball
1-0: Ball
2-0: Ball
3-0: Base on Balls
Batting: RHB George Robinson 0-0: Foul Ball, location: 2F
0-1: 2-RUN HOME RUN (Flyball, 7LD), Distance : 339 ft
Batting: LHB Malibok Herreria 0-0: Ball
1-0: Foul Ball, location: 2F
1-1: Called Strike
1-2: Strikes out swinging
Batting: LHB Damian Alldred 0-0: Fly out, F7 (Flyball, 7)
Bottom of the 2nd over - 2 runs, 1 hit, 0 errors, 0 left on base; Springfield 7 - Phoenix Hotspur 2
TOP OF THE 3RD
Springfield Shooters batting - Pitching for Phoenix Hotspur Youth : RHP Juan Morán
Batting: RHB Fletcher Megarity 0-0: Ball
1-0: Foul Ball, location: 2F
1-1: Ball
2-1: Fly out, F7 (Flyball, 7S)
Batting: RHB Eun-bum Kim 0-0: Fly out, F8 (Flyball, 8RXD)
Batting: LHB Ángelo Corona 0-0: Called Strike
0-1: Ball
1-1: Ball
2-1: Ball
3-1: Base on Balls
Batting: RHB Tony Martínez 0-0: Called Strike
0-1: Ball
1-1: Foul Ball, location: 2F
1-2: Foul Ball, location: 2F
1-2: Ground out 5-3 (Groundball, 5S)
Top of the 3rd over - 0 runs, 0 hits, 0 errors, 1 left on base; Springfield 7 - Phoenix Hotspur 2
BOTTOM OF THE 3RD
Phoenix Hotspur Youth batting - Pitching for Springfield Shooters : RHP Jami Haakana
Batting: LHB Tyler Kinjeketile 0-0: Ball
1-0: Ground out 4-3 (Groundball, 34D)
Batting: LHB Phil Mazzeo 0-0: Called Strike
0-1: Swinging Strike
0-2: Strikes out swinging
Batting: LHB Carlos Rodríguez 0-0: Ball
1-0: Called Strike
1-1: Swinging Strike
1-2: Strikes out swinging
Bottom of the 3rd over - 0 runs, 0 hits, 0 errors, 0 left on base; Springfield 7 - Phoenix Hotspur 2
TOP OF THE 4TH
Springfield Shooters batting - Pitching for Phoenix Hotspur Youth : RHP Juan Morán
Batting: LHB Henk van Aardschot 0-0: Ball
1-0: Ball
2-0: Ball
3-0: Called Strike
3-1: Base on Balls
Pitching: LHP Eduardo Márquez
Batting: RHB Blaze Alexander 0-0: Ball
1-0: Grounds into double play, 6-4-3 (Groundball, 6D)
Batting: RHB Moriz Ayushiev 0-0: Ground out 5-3 (Groundball, 56)
Top of the 4th over - 0 runs, 0 hits, 0 errors, 0 left on base; Springfield 7 - Phoenix Hotspur 2
BOTTOM OF THE 4TH
Phoenix Hotspur Youth batting - Pitching for Springfield Shooters : RHP Jami Haakana
Batting: RHB Bill Poole 0-0: Called Strike
0-1: Ball
1-1: SINGLE (Line Drive, 89S)
Batting: LHB Valerius Buser 0-0: Ball
1-0: Ground out 4-3 (Groundball, 4S)
Bill Poole to second
Batting: RHB Terry MacDonald 0-0: Fly out, F7 (Flyball, 7)
Batting: RHB George Robinson 0-0: Called Strike
0-1: Ball
1-1: Ball
2-1: Ball
3-1: Base on Balls
Batting: LHB Malibok Herreria 0-0: Ball
1-0: Called Strike
1-1: Ball
2-1: Called Strike
2-2: Ground out 4-3 (Groundball, 4)
Bottom of the 4th over - 0 runs, 1 hit, 0 errors, 2 left on base; Springfield 7 - Phoenix Hotspur 2
TOP OF THE 5TH
Springfield Shooters batting - Pitching for Phoenix Hotspur Youth : LHP Eduardo Márquez
Batting: RHB Bastiaan Pieterse 0-0: Ball
1-0: Ball
2-0: Called Strike
2-1: Ground out 6-3 (Groundball, 6M)
Batting: RHB Lev Migranov 0-0: Foul Ball, location: 2F
0-1: SINGLE (Groundball, 23) (infield hit)
Batting: RHB Fletcher Megarity 0-0: Ground out 5-3 (Groundball, 56S)
Lev Migranov to second
Batting: RHB Eun-bum Kim 0-0: Called Strike
0-1: Foul Ball, location: 2F
0-2: Foul Ball, location: 2F
0-2: Ball
1-2: Ball
2-2: Fly out, F3 (Popup, 34S)
Top of the 5th over - 0 runs, 1 hit, 0 errors, 1 left on base; Springfield 7 - Phoenix Hotspur 2
BOTTOM OF THE 5TH
Phoenix Hotspur Youth batting - Pitching for Springfield Shooters : RHP Jami Haakana
Batting: LHB Damian Alldred 0-0: DOUBLE (Line Drive, 78D)
Batting: LHB Tyler Kinjeketile 0-0: Called Strike
0-1: Ground out U3 (Groundball, 3)
Damian Alldred to third
Batting: LHB Phil Mazzeo 0-0: Fly out, F2 (Popup, 25F)
Batting: LHB Carlos Rodríguez 0-0: Ball
1-0: Foul Ball, location: 2F
1-1: Foul Ball, location: 2F
1-2: Foul Ball, location: 2F
1-2: Foul Ball, location: 2F
1-2: DOUBLE (Flyball, 78XD)
Damian Alldred scores
Batting: RHB Bill Poole 0-0: Ball
1-0: Called Strike
1-1: Ball
2-1: Fly out, F9 (Flyball, 89S)
Bottom of the 5th over - 1 run, 2 hits, 0 errors, 1 left on base; Springfield 7 - Phoenix Hotspur 3
TOP OF THE 6TH
Springfield Shooters batting - Pitching for Phoenix Hotspur Youth : LHP Eduardo Márquez
Batting: LHB Ángelo Corona 0-0: Swinging Strike
0-1: Ball
1-1: Ball
2-1: Called Strike
2-2: Foul Ball, location: 2F
2-2: Strikes out looking
Batting: RHB Tony Martínez 0-0: Ball
1-0: Swinging Strike
1-1: Ground out 6-3 (Groundball, 6M)
Batting: LHB Henk van Aardschot 0-0: Ball
1-0: Ball
2-0: Ball
3-0: Called Strike
3-1: Foul Ball, location: 2F
3-2: Base on Balls
Batting: RHB Blaze Alexander 0-0: Called Strike
0-1: Ball
1-1: Ground out 4-3 (Groundball, 4S)
Top of the 6th over - 0 runs, 0 hits, 0 errors, 1 left on base; Springfield 7 - Phoenix Hotspur 3
BOTTOM OF THE 6TH
Phoenix Hotspur Youth batting - Pitching for Springfield Shooters : RHP Jami Haakana
Batting: LHB Valerius Buser 0-0: Ball
1-0: Foul Ball, location: 2F
1-1: Foul Ball, location: 2F
1-2: Ball
2-2: Foul Ball, location: 2F
2-2: Strikes out swinging
Batting: RHB Terry MacDonald 0-0: Ball
1-0: Ball
2-0: Foul Ball, location: 2F
2-1: Ball
3-1: Base on Balls
Batting: RHB George Robinson 0-0: Foul Ball, location: 2F
0-1: Foul Ball, location: 2F
0-2: Ball
1-2: Ball
2-2: Ball
3-2: Strikes out swinging
Pitching: RHP Ricardo Pérez
Batting: LHB Malibok Herreria 0-0: Fly out, F8 (Flyball, 8LXD)
Bottom of the 6th over - 0 runs, 0 hits, 0 errors, 1 left on base; Springfield 7 - Phoenix Hotspur 3
TOP OF THE 7TH
Springfield Shooters batting - Pitching for Phoenix Hotspur Youth : LHP Eduardo Márquez
Batting: RHB Moriz Ayushiev 0-0: Ball
1-0: Ball
2-0: Fly out, F6 (Popup, P)
Batting: RHB Bastiaan Pieterse 0-0: Called Strike
0-1: Foul Ball, location: 2F
0-2: Fly out, F8 (Flyball, 8RM)
Batting: RHB Lev Migranov 0-0: Ground out 5-3 (Groundball, 56S)
Top of the 7th over - 0 runs, 0 hits, 0 errors, 0 left on base; Springfield 7 - Phoenix Hotspur 3
BOTTOM OF THE 7TH
Phoenix Hotspur Youth batting - Pitching for Springfield Shooters : RHP Ricardo Pérez
Batting: LHB Damian Alldred 0-0: Called Strike
0-1: Ball
1-1: Called Strike
1-2: Ball
2-2: Ball
3-2: Foul Ball, location: 2F
3-2: Strikes out swinging, 2-3 out at first.
Batting: LHB Tyler Kinjeketile 0-0: Ball
1-0: SINGLE (Line Drive, 4MD)
Batting: LHB Phil Mazzeo 0-0: Called Strike
0-1: Ball
1-1: Foul Ball, location: 2F
1-2: Fly out, F8 (Flyball, 78D)
Batting: LHB Carlos Rodríguez 0-0: Ball
1-0: Swinging Strike
1-1: Called Strike
1-2: Foul Ball, location: 2F
1-2: Foul Ball, location: 2F
1-2: Ball
2-2: Strikes out swinging
Bottom of the 7th over - 0 runs, 1 hit, 0 errors, 1 left on base; Springfield 7 - Phoenix Hotspur 3
TOP OF THE 8TH
Springfield Shooters batting - Pitching for Phoenix Hotspur Youth : LHP Eduardo Márquez
Batting: RHB Fletcher Megarity 0-0: Ball
1-0: Ball
2-0: Ball
3-0: Called Strike
3-1: Foul Ball, location: 2F
3-2: Foul Ball, location: 2F
3-2: SOLO HOME RUN (Flyball, 7LD), Distance : 357 ft
Batting: RHB Eun-bum Kim 0-0: Foul Ball, location: 2F
0-1: Called Strike
0-2: Ball
1-2: Strikes out swinging
Batting: LHB Ángelo Corona 0-0: Ground out 6-3 (Groundball, 6)
Pitching: RHP Ken Morrison
Batting: RHB Tony Martínez 0-0: SINGLE (Groundball, 56D)
Batting: LHB Henk van Aardschot 0-0: Foul Ball, location: 2F
0-1: Ball
1-1: SINGLE (Groundball, 56D)
Tony Martínez to second
Batting: RHB Blaze Alexander 0-0: Called Strike
0-1: Ball
1-1: Foul Ball, location: 2F
1-2: Fly out, F8 (Flyball, 8LD)
Top of the 8th over - 1 run, 3 hits, 0 errors, 2 left on base; Springfield 8 - Phoenix Hotspur 3
BOTTOM OF THE 8TH
Phoenix Hotspur Youth batting - Pitching for Springfield Shooters : RHP Ricardo Pérez
Batting: RHB Bill Poole 0-0: Ball
1-0: Ball
2-0: Ball
3-0: Base on Balls
Batting: LHB Valerius Buser 0-0: Ball
1-0: Called Strike
1-1: Foul Ball, location: 2F
1-2: Ball
2-2: Ball
3-2: Base on Balls
Bill Poole to second
Batting: RHB Terry MacDonald 0-0: Ball
1-0: Called Strike
1-1: Swinging Strike
1-2: Strikes out swinging
Batting: RHB George Robinson 0-0: Foul Ball, location: 2F
0-1: Grounds into double play, 4-6-3 (Groundball, 4)
Bottom of the 8th over - 0 runs, 0 hits, 0 errors, 1 left on base; Springfield 8 - Phoenix Hotspur 3
TOP OF THE 9TH
Springfield Shooters batting - Pitching for Phoenix Hotspur Youth : RHP Ken Morrison
Batting: RHB Moriz Ayushiev 0-0: SINGLE (Line Drive, 8RS)
Batting: RHB Bastiaan Pieterse 0-0: Called Strike
0-1: Ball
1-1: SINGLE (Line Drive, 34D)
Moriz Ayushiev to second
Batting: RHB Lev Migranov 0-0: Foul Ball, location: 2F
0-1: Foul Ball, location: 2F
0-2: DOUBLE (Flyball, 89XD)
Moriz Ayushiev scores
Bastiaan Pieterse to third
Batting: RHB Fletcher Megarity 0-0: Ball
1-0: Swinging Strike
1-1: SINGLE (Line Drive, 89S)
Bastiaan Pieterse scores
Lev Migranov to third
Batting: RHB Eun-bum Kim 0-0: Fielders Choice at 2nd, 4-6 (Groundball, 34)
Lev Migranov scores
Batting: LHB Ángelo Corona 0-0: Called Strike
0-1: Ball
1-1: Ball
Wild Pitch!
Eun-bum Kim to second
2-1: Ball
3-1: SINGLE (Groundball, 6MD)
Eun-bum Kim to third
Runner from 3rd tries for Home, SAFE, no throw
Batting: RHB Tony Martínez 0-0: Called Strike
0-1: Ground out 5-3 (Groundball, 56S)
Ángelo Corona to second
Batting: LHB Henk van Aardschot 0-0: Ball
Wild Pitch!
Ángelo Corona to third
1-0: Foul Ball, location: 2F
1-1: Foul Ball, location: 2F
1-2: Ball
2-2: Ball
3-2: Strikes out swinging
Top of the 9th over - 4 runs, 5 hits, 0 errors, 1 left on base; Springfield 12 - Phoenix Hotspur 3
BOTTOM OF THE 9TH
Phoenix Hotspur Youth batting - Pitching for Springfield Shooters : RHP Ricardo Pérez
Now at C: Pacu Martic
Batting: LHB Malibok Herreria 0-0: Called Strike
0-1: Ball
1-1: Ball
2-1: Foul Ball, location: 2F
2-2: SINGLE (Groundball, 5S) (infield hit)
Batting: LHB Damian Alldred 0-0: Called Strike
0-1: Swinging Strike
0-2: Fielders Choice at 2nd, 3-6 (Groundball, 34)
Batting: LHB Tyler Kinjeketile 0-0: Called Strike
0-1: Fly out, F9 (Line Drive, 89M)
Batting: LHB Phil Mazzeo 0-0: Ball
1-0: Foul Ball, location: 2F
1-1: Called Strike
1-2: Strikes out looking
Bottom of the 9th over - 0 runs, 1 hit, 0 errors, 1 left on base; Springfield 12 - Phoenix Hotspur 3
Saturday, December 22nd, 2018 - OOTP Baseball 18.8 Build 76